 Dungeon Crawl Stone Soup version 0.22.1-1-ga44c0e56f4 (webtiles) character file.

35 Delanovic the Stinger (level 3, 0/16 HPs)
             Began as a Spriggan Venom Mage on Oct 5, 2018.
             Killed from afar by Natasha (10 damage)
             ... with a magic dart
             ... on level 1 of the Dungeon.
             The game lasted 00:04:13 (1703 turns).

Delanovic the Stinger (Spriggan Venom Mage)         Turns: 1703, Time: 00:04:14

Health: 0/16       AC:  2    Str:  4    XL:     3   Next: 16%
Magic:  3/9        EV: 18    Int: 17    God:
Gold:   31         SH:  0    Dex: 16    Spells: 8/9 levels left

rFire    . . .     SeeInvis +   e - +0 dagger
rCold    . . .     Gourm    .   (shield restricted)
rNeg     . . .     Faith    .   a - +0 robe
rPois    .         Spirit   .   (helmet restricted)
rElec    .         Reflect  .   (no cloak)
rCorr    .         Harm     .   (gloves unavailable)
MR       .....                  (boots unavailable)
Stlth    ++........             (no amulet)
HPRegen  0.05/turn              (no ring)
MPRegen  0.11/turn              (no ring)

@: slowed, quick
A: very small, unfitting armour, see invisible, herbivore, speed 3, slow
metabolism 2
a: no special abilities


You were on level 1 of the Dungeon.
You were not hungry.

You visited 1 branch of the dungeon, and saw 2 of its levels.

You collected 31 gold pieces.

Inventory:

Hand Weapons
 e - a +0 dagger (weapon)
Missiles
 d - 30 bolts
Armour
 a - a +0 robe (worn)
Scrolls
 b - a scroll of noise {unknown}
 f - a scroll of immolation {unknown}
Potions
 g - a potion of mutation {unknown}
Comestibles
 c - 2 rations


   Skills:
 - Level 3.0 Dodging
 - Level 3.0 Stealth
 + Level 3.5 Spellcasting
 + Level 1.0 Conjurations
 + Level 3.6 Poison Magic


You had 8 spell levels left.
You knew the following spells:

 Your Spells              Type           Power        Failure   Level  Hunger
a - Sting                 Conj/Pois      ##..         6%          1    None

Your spell library contained the following spells:

 Spells                   Type           Power        Failure   Level  Hunger
 Poisonous Vapours        Pois/Air       #.....       12%         2    ##.....
 Mephitic Cloud           Conj/Pois/Air  #.......     26%         3    ###....
 Olgreb's Toxic Radiance  Pois           ###.....     36%         4    ####...
 Venom Bolt               Conj/Pois      ##........   86%         5    ######.


Dungeon Overview and Level Annotations

Branches:
Dungeon (2/15)

Altars:

Annotations:
D:1 Natasha


Innate Abilities, Weirdness & Mutations

You are very small and have problems with some larger weapons.
You are too small for most types of armour.
You have supernaturally acute eyesight. (SInv)
You are a herbivore.
You cover ground extremely quickly.
You need to consume almost no food.


Message History

The giant cockroach closely misses you.
Casting: Sting (safe; 6% risk of failure)
Confirm with . or Enter, or press ? or * to list all spells.
Aiming: Sting (safe; 6% risk of failure)
Press: ? - help, Shift-Dir - straight line, f - giant cockroach, p - Natasha
Aim: a giant cockroach The sting hits the giant cockroach.
You kill the giant cockroach!
Natasha mewls in sadness.
Natasha stares at you and mumbles some strange words.
You feel yourself slow down. Natasha barely misses you. Natasha claws you.
You climb upwards.
There is a stone staircase leading down here.
Natasha claws you.
Natasha casts a spell.
Natasha casts a spell at you. The magic dart hits you!
Ouch! That really hurt!
You die...

..########..#..#.#.#
......h.....#..#.#.#
.##########.#..#.#.#
.##########.#..#.#.#
...............#.#.#
......(........#.#.#
...............#.#.#
...............#.#.#
.##.........#..#@#.#
.##.........#5.#.#.#
.##.........#.>h.#.#
............#.(###.#
.##.........#......#
.##.........##.#####
.##.........##.#
.##.........##.#
.##.........##.###


You could see Natasha.

Vanquished Creatures
  An adder (D:2)
  A dart slug (D:1)
  4 giant cockroaches
  A goblin (D:2)
  3 hobgoblins (D:1)
  4 jackals (D:1)
  2 bats (D:1)
  2 frilled lizards (D:1)
  A kobold (D:1)
  4 rats
23 creatures vanquished.

Notes
Turn   | Place    | Note
-------+----------+-------------------------------------------
     0 | D:1      | Delanovic the Spriggan Venom Mage began the quest for the
                  | Orb.
     0 | D:1      | Reached XP level 1. HP: 9/9 MP: 5/5
   463 | D:1      | Reached XP level 2. HP: 13/13 MP: 1/7
  1411 | D:2      | Noticed an ice beast
  1527 | D:2      | Noticed Natasha
  1544 | D:2      | Reached skill level 1 in Conjurations
  1544 | D:2      | Reached XP level 3. HP: 10/16 MP: 4/8
  1703 | D:1      | Killed from afar by Natasha

Skill      XL: |  1  2 |
---------------+-------+-----
Spellcasting   | 3 |  3.5
Conjurations   | 1 |  1.0
Dodging        | |  3.0
Stealth        | |  3.0
Poison Magic   | |  3.6

Action                   || total
-------------------------++-------
Melee: Unarmed           ||     4
       Dagger            ||    23
 Cast: Sting             ||    51
Armor: Robe              ||     9
Dodge: Dodged            ||    51
